 Dungeon Crawl Stone Soup version 0.19.4 (console) character file.

42 Kloppie the Skirmisher (level 3, 0/34 HPs)
             Began as a Ghoul Berserker on Jan 31, 2017.
             Was a Believer of Trog.
             Slain by Sigmund
             ... wielding a +0 scythe
              (16 damage)
             ... on level 2 of the Dungeon.
             The game lasted 00:01:43 (1355 turns).

Kloppie the Skirmisher (Ghoul Berserker)            Turns: 1355, Time: 00:01:44

Health: 0/34       AC:  2    Str: 20    XL:     3   Next: 54%
Magic:  2/2        EV: 12    Int:  3    God:    Trog [**....]
Gold:   47         SH:  0    Dex:  8    Spells: 0 memorised, 2 levels left

rFire  . . .     SeeInvis .     a - +0 hand axe
rCold  + . .     Gourm    .     b - +0 animal skin
rNeg   + + +     Faith    .     (no shield)
rPois  ∞         Spirit   .     (no helmet)
rElec  .         Reflect  .     (no cloak)
rCorr  .         Harm     .     (no gloves)
MR     .....                    (no boots)
Stlth  +.........               (no amulet)
                                (no ring)
                                (no ring)

@: rotting
A: rotting body, claws 1, carnivore 3, cold resistance 1, negative energy
resistance 3, slow regeneration 1, torment resistance, unbreathing
a: Trog's Hand, Burn Spellbooks, Renounce Religion


You were on level 2 of the Dungeon.
You worshipped Trog.
Trog was pleased with you.
You were not hungry.

You visited 1 branch of the dungeon, and saw 2 of its levels.

You collected 47 gold pieces.

Inventory:

Hand Weapons
 a - a +0 hand axe (weapon)
Armour
 b - a +0 animal skin (worn)
Scrolls
 f - 2 scrolls of identify {unknown}
 j - a scroll of blinking {unknown}
 m - a scroll of random uselessness {unknown}
Potions
 d - 2 potions of curing {unknown}
 e - a potion of haste {unknown}
 g - a potion of ambrosia {unknown}
 i - 2 potions of lignification {unknown}
 n - a potion of resistance {unknown}
 o - a potion of agility {unknown}
Comestibles
 c - a meat ration
 k - 2 slices of pizza
 l - a beef jerky


   Skills:
 * Level 4.4 Fighting
 + Level 3.1 Axes
 - Level 1.7 Armour
 - Level 1.7 Dodging


You had 2 spell levels left.
You didn't know any spells.

Dungeon Overview and Level Annotations

Branches:
Dungeon (2/15)

Altars:

Annotations:
D:2 Sigmund


Innate Abilities, Weirdness & Mutations

Your body is rotting away.
You thrive on raw meat.
You are immune to poison.
You have sharp fingernails.
You are carnivorous and can eat meat at any time.
Your flesh is cold resistant. (rC+)
You are immune to negative energy. (rN+++)
You regenerate slowly when monsters are visible.
You are immune to unholy pain and torment.
You can survive without breathing.


Message History

This raw flesh tastes great!
You bump into the rock wall.
The frilled lizard misses you.
You're too confused!
Eat one of 2 chunks of flesh? (ye/n/q)
You start eating one of the 2 chunks of flesh.
A magic dart appears from out of thin air!
The magic dart hits you!
* * * LOW HITPOINT WARNING * * *
The frilled lizard misses you.
This raw flesh tastes great!
You bump into the rock wall.
The frilled lizard bites you but does no damage.
Eat a chunk of flesh? (ye/n/q)
You start eating the chunk of flesh.
You feel less confused. Something barely misses you.
The frilled lizard completely misses you.
This raw flesh tastes great!
You closely miss the frilled lizard. Something hits you!
You die...

#..'..........'.#
#.##..........#.#
#.#...........+.#
#.............###
###...........#.# .
######......<....#.#
..
+........(..÷....#.#
..#######..........#.#
...#@.{.#####......#
#####.#l##.# #.#..###
.......w.#.# #.##.#
...#..#..#.# #.##.#
#.........# #....#
####.#........#.####
............### ##>
##....<.. .. .......


You could see a worm and a frilled lizard.

Vanquished Creatures
  A worm (D:2)
  2 dart slugs (D:1)
  2 leopard geckos (D:1)
  A ball python (D:2)
  3 bats
  A giant cockroach (D:1)
  7 goblins
  4 hobgoblins (D:1)
  2 kobolds (D:1)
  6 rats (D:1)
29 creatures vanquished.

Notes
Turn   | Place    | Note
-------+----------+-------------------------------------------
     0 | D:1      | Kloppie the Ghoul Berserker began the quest for the Orb.
     0 | D:1      | Reached XP level 1. HP: 19/19 MP: 0/0
    87 | D:1      | Reached XP level 2. HP: 16/27 MP: 1/1
   467 | D:1      | Reached skill level 4 in Fighting
   813 | D:1      | Reached XP level 3. HP: 33/33 MP: 2/2
   860 | D:1      | Reached ** piety under Trog
  1343 | D:2      | Noticed Sigmund
  1355 | D:2      | Slain by Sigmund

Skill      XL: |  1  2 |
---------------+-------+-----
Fighting       | 4 |  4.4
Axes           | 3 |  3.1
Armour         | |  1.7
Dodging        | |  1.7

Action                   || total
-------------------------++-------
Melee: Hand axe          ||   116
  Eat: Chunk             ||     6
Armor: Animal skin       ||    28
Dodge: Dodged            ||   106
